 Dungeon Crawl Stone Soup version 0.23.2-1-ga50397a6bc (webtiles) character file.

Game seed: 1186432457366097287

1375 Mrkan the Grappler (level 8, -7/73 (74) HPs)
             Began as a Troll Monk on May 22, 2019.
             Shot with an arrow by a centaur (12 damage)
             ... on level 6 of the Dungeon.
             The game lasted 00:07:28 (3751 turns).

Mrkan the Grappler (Troll Monk)                     Turns: 3751, Time: 00:07:29

HP:   -7/73 (74)    AC:  7    Str: 20    XL:     8   Next: 39%
MP:   7/7           EV: 10    Int:  6    God:
Gold: 274           SH:  0    Dex: 14    Spells: 7/7 levels left

rFire    . . .     SeeInvis +     - Unarmed
rCold    . . .     Gourm    +   (no shield)
rNeg     . . .     Faith    .   a - +1 robe
rPois    .         Spirit   .   (helmet restricted)
rElec    .         Reflect  .   (no cloak)
rCorr    .         Harm     .   (gloves unavailable)
MR       .....                  (boots unavailable)
Stlth    ++........             v - amulet of rage
HPRegen  0.62/turn              j - ring of see invisible
MPRegen  0.10/turn              (no ring)

@: no status effects
A: large, unfitting armour, claws 3, fast metabolism 3, gourmand, regeneration
1, shaggy fur 1, tough skin 3
a: Evoke Berserk Rage


You were on level 6 of the Dungeon.
You were very full.

You visited 1 branch of the dungeon, and saw 6 of its levels.

You collected 274 gold pieces.

Inventory:

Missiles
 d - 147 stones (quivered)
 n - 2 tomahawks of returning
 o - 10 tomahawks
 x - 5 large rocks
Armour
 a - a +1 robe (worn)
Jewellery
 j - a ring of see invisible (left claw)
 r - an uncursed ring of magical power {unknown}
 v - an amulet of rage (around neck)
Wands
 e - a wand of digging (4)
 y - a wand of flame (22)
Scrolls
 c - 4 scrolls of remove curse
 h - 4 scrolls of identify
 p - 2 scrolls of magic mapping
 u - 3 scrolls of teleportation
Potions
 f - 3 potions of degeneration {unknown}
 g - a potion of cancellation {unknown}
 i - a potion of heal wounds {unknown}
 l - 2 potions of curing {unknown}
 m - 2 potions of flight {unknown}
Comestibles
 b - 10 rations
 k - 4 chunks of flesh


   Skills:
 - Level 2.4 Fighting
 * Level 2.9 Throwing
 - Level 2.4 Dodging
 - Level 1.0 Stealth
 - Level 10.1 Unarmed Combat


You had 7 spell levels left.
You didn't know any spells.
Your spell library was empty.

Dungeon Overview and Level Annotations

Branches:
Dungeon (6/15)
 Temple: D:4-7

Altars:
Elyvilon
Wu Jian

Shops:
D:4 (

Annotations:
D:3 2 transporters


Innate Abilities, Weirdness & Mutations

You are too large for most types of armour.
You have claws for hands.
Your metabolism is lightning-fast.
You like to eat raw meat.
Your natural rate of healing is unusually fast.
You are covered in fur. (AC +1)
You have extremely tough skin. (AC +3)


Message History

A centaur comes into view.
The centaur shouts!
The centaur wields a +0 shortbow.
The centaur shoots an arrow.
The arrow hits you.
The centaur shoots an arrow.
The arrow hits you.
The centaur shoots an arrow.
The arrow hits you!
The centaur shoots an arrow.
The arrow hits you!
The centaur shoots an arrow.
The arrow hits you!
* * * LOW HITPOINT WARNING * * *
The centaur shoots an arrow.
The arrow barely misses you.
The centaur shoots an arrow.
The arrow hits you but does no damage.
The centaur shoots an arrow.
The arrow hits you.
* * * LOW HITPOINT WARNING * * *
The centaur shoots an arrow.
The arrow hits you!
* * * LOW HITPOINT WARNING * * *
The centaur shoots an arrow.
The arrow completely misses you.
The centaur shoots an arrow.
The arrow hits you.
* * * LOW HITPOINT WARNING * * *
The centaur shoots an arrow.
The arrow hits you!
You die...

##.#........
#.#....###....
#).....# ...
#)###### #.## #)#
...# # #.##
#..##.### #..##
##.......[ ##..#
###......... ##.#
##@..c.......
#.####..##........
#...##.###........
###....# ##.......
###### .......
..#...# ..###..
### ##


You could see a centaur.

Vanquished Creatures
  A hippogriff (D:2)
  Edmund (D:5)
  A water moccasin (D:5)
  An ogre (D:4)
  A necrophage (D:6)
  2 centaurs
  2 scorpions (D:5)
  A crimson imp (D:6)
  2 orc priests (D:3)
  4 orc wizards
  A centaur skeleton (D:4)
  A bullfrog skeleton (D:4)
  4 worker ants
  A hound skeleton (D:4)
  10 adders
  A gnoll (D:6)
  2 dart slugs (D:1)
  4 leopard geckos
  15 orcs
  5 giant cockroaches
  A goblin (D:3)
  5 hobgoblins
  8 jackals
  10 kobolds
  6 quokkas
  A ball python (D:5)
  3 bats
  4 frilled lizards
  2 quokka skeletons (D:4)
  9 rats
109 creatures vanquished.

Notes
Turn   | Place    | Note
-------+----------+-------------------------------------------
     0 | D:1      | Mrkan the Troll Monk began the quest for the Orb.
     0 | D:1      | Reached XP level 1. HP: 22/22 MP: 0/0
   266 | D:1      | Reached XP level 2. HP: 29/29 MP: 1/1
   566 | D:2      | Reached skill level 4 in Unarmed Combat
   570 | D:2      | Reached XP level 3. HP: 25/36 MP: 2/2
   709 | D:2      | Noticed a hippogriff
   716 | D:2      | Killed a hippogriff
   716 | D:2      | Reached skill level 6 in Unarmed Combat
   716 | D:2      | Reached XP level 4. HP: 17/44 MP: 3/3
   716 | D:2      | Reached XP level 5. HP: 20/50 MP: 4/4
  1202 | D:3      | Found a white marble altar of Elyvilon.
  1253 | D:3      | Reached XP level 6. HP: 57/59 MP: 5/5
  1333 | D:3      | Reached skill level 7 in Unarmed Combat
  1873 | D:3      | Found a transporter.
  1879 | D:3      | Identified the +5 spear "Sojaamoz" {venom, Fragile Str-4
                  | Int+7 Dex+2 SInv}
  1943 | D:3      | Found a transporter.
  2154 | D:4      | Reached skill level 8 in Unarmed Combat
  2154 | D:4      | Reached XP level 7. HP: 42/66 MP: 6/6
  2499 | D:4      | Found Iruqeas's Antique Weapon Boutique.
  2742 | D:5      | Entered Level 5 of the Dungeon
  2850 | D:5      | Noticed Edmund
  2863 | D:5      | Killed Edmund
  2863 | D:5      | Reached skill level 9 in Unarmed Combat
  2972 | D:5      | Reached XP level 8. HP: 48/74 MP: 7/7
  3057 | D:5      | Reached skill level 10 in Unarmed Combat
  3071 | D:5      | Found an ornate altar of the Wu Jian Council.
  3611 | D:6      | Reached skill level 1 in Throwing
  3751 | D:6      | Shot with an arrow by a centaur

Skill      XL: |  1  2  3  4  5  6  7  8 |
---------------+-------------------------+-----
Unarmed Combat | 4 6 8 9 10 | 10.1
Throwing       | 2 |  2.9
Fighting       | |  2.4
Dodging        | |  2.4
Stealth        | |  1.0

Action                   |  1- 3 |  4- 6 |  7- 9 || total
-------------------------+-------+-------+-------++-------
Melee: Unarmed           |    44 |   117 |   119 ||   280
       Punch             |     1 |     1 |     9 ||    11
  Use: Scroll            |       |       |    13 ||    13
 Stab: Sleeping          |     2 |     4 |     4 ||    10
  Eat: Chunk             |     6 |    19 |    14 ||    39
Armor: Robe              |    21 |    43 |    33 ||    97
Dodge: Dodged            |    28 |    72 |    57 ||   157
